[Event "Early-Titled-Tuesday-Blitz-June-18-2024"]
[Site "Chess.com"]
[Date "2024.06.18"]
[Round "9"]
[White "Veleamater"]
[Black "Lady_Nika"]
[Result "0-1"]
[WhiteElo "2387"]
[BlackElo "2517"]
[TimeControl "180+1"]
[EndTime "9:48:07 PDT"]
[Termination "Lady_Nika won by resignation"]

1. g3 d5 2. Bg2 c6 3. d3 g6 4. Nf3 Bg7 5. O-O Nf6 6. h3 O-O 7. Nc3 Re8 8. e4 d4 9. Ne2 e5 10. Ne1 Nfd7 11. f4 c5 12. f5 Nc6 13. g4 f6 14. h4 Nf8 15. Nf3 Ne7 16. Ng3 b5 17.
Bd2 a5 18. Rf2 Bd7 19. Bf1 Qc7 20. Rg2 c4 21. g5 fxg5 22. Nxg5 Ra6 23. h5 h6 24. hxg6 hxg5 25. Qh5 Nexg6 26. fxg6 Rxg6 27.
Bxg5 Qc8 28. Be2 c3 29. b3 Qc6 30. Rf1 Nh7 31. Bh4 Rf8 32. Rgf2 Rxf2 33. Rxf2 Be8 34.
Qf3 Ng5 35. Bxg5 Rxg5 36. Rg2 Qh6 37. Nf5 Rxg2+ 38. Qxg2 Qf6 39. Qg4 Kf8 40. Kg2 Bh6 41.
Qh4 Qxh4 42. Nxh4 a4 43. Kg3 axb3 44. axb3 Bf7 45. Bd1 Bf4+ 46. Kg4 Ke7 47. Nf3 Kd6 48. Nxd4 Kc5 49. Ne2 Bd2 50. Kf5 Kd6 51. d4 Be6+ 52.
Kf6 exd4 53. Nxd4 Bd7 54. b4 Bf4 55. Nf3 Bg4 56. e5+ Bxe5+ 57. Nxe5 Bxd1 58. Nf3 Bxc2 59. Nd4 Bd3 60. Kg5 Kd5 61. Nb3 Kc4 62. Nc1 Bc2 63.
Kf4 Kxb4 64. Ke3 Kc4 65. Ke2 b4 66. Ke1 b3 67. Nxb3 Kxb3 0-1

[Event "Early-Titled-Tuesday-Blitz-June-18-2024"]
[Site "Chess.com"]
[Date "2024.06.18"]
[Round "9"]
[White "Chempiblinka"]
[Black "elamier"]
[Result "1-0"]
[WhiteElo "2367"]
[BlackElo "2444"]
[TimeControl "180+1"]
[EndTime "9:48:07 PDT"]
[Termination "Chempiblinka won by resignation"]

1. Nf3 d5 2. g3 g6 3. Bg2 Bg7 4. O-O e5 5. c4 dxc4 6. Qa4+ Bd7 7. Qxc4 Nc6 8. Nc3 Nge7 9. a3 O-O 10. b4 Rb8 11. Bb2 Be6 12. Qe4 h6 13. Qb1 f5 14. d3 Qd7 15. Rd1 Nd4 16. e3 Nxf3+ 17. Bxf3 Rfd8 18. Qc2 c6 19. Na4 b6 20. Rac1 Rbc8 21.
Be2 Qe8 22. Bc3 Qf7 23. Rb1 Nd5 24. Ba1 f4 25. exf4 exf4 26. Bxg7 Kxg7 27. Nc3 f3 28.
Bf1 Nxc3 29. Qxc3+ Qf6 30. d4 Bd5 31. Qe3 Re8 32.
Qd2 Rcd8 33. Re1 Bf7 34. Rbd1 Rxe1 35. Qxe1 Rxd4 36. Rxd4 Qxd4 37. Qe7 a5 38. bxa5 bxa5 39. h4 Qf6 40. Qc5 Qb2 41. Bd3 Qa1+ 42. Kh2 Qb2 43. Kg1 h5 44. Kh2 Qa1 45. Be4 Qb2 46. Bxf3 a4 47. Kg2 Kg8 48. Bxc6 Kg7 49. Bf3 Bb3 50. Qb4 Qf6 51. Qb7+ Qf7 52. Qxf7+ Kxf7 53. Bc6 Kf6 54. Kf3 Ke5 55. Ke3 Kd6 56. Be8 Bc2 57. Kf4 Kc5 58. Kg5 Kc4 59. Bf7+ Kc3 60. Bxg6 Bxg6 61. Kxg6 Kb3 62. g4 Kxa3 63. gxh5 Kb3 64. h6 1-0

[Event "Early-Titled-Tuesday-Blitz-June-18-2024"]
[Site "Chess.com"]
[Date "2024.06.18"]
[Round "9"]
[White "sokidze"]
[Black "Prizant_academy"]
[Result "0-1"]
[WhiteElo "2783"]
[BlackElo "2971"]
[TimeControl "180+1"]
[EndTime "9:48:08 PDT"]
[Termination "Prizant_academy won by resignation"]

1. d4 d5 2. Nf3 Nf6 3. g3 c5 4.
Bg2 cxd4 5. O-O e6 6. Nxd4 e5 7. Nb3 Be6 8. c4 Nc6 9. cxd5 Nxd5 10. N1d2 Be7 11. Ne4 b6 12. Nc3 Ndb4 13. a3 Qxd1 14. Rxd1 Bxb3 15. axb4 Rc8 16. Bh3 Bxd1 17. Bxc8 Bb3 18.
Bb7 Kd7 19. b5 Na5 20. Bd5 Bxd5 21. Nxd5 Ra8 22. Be3 Bd8 23. Bd2 Nb3 24. Rd1 Ke6 25. Bc3 f6 26. e4 a6 27. bxa6 Rxa6 28. Kg2 Nc5 29. Kf3 Ra4 30. Bb4 Nb3 31. Ke3 Nd4 32. Bc3 Nb5 33. f4 Nd6 34. f5+ Kf7 35. Nb4 Be7 36.
Kd3 Nb5 37. Kc4 Nd4 38. Rd2 b5+ 39. Kd5 Bxb4 40. Bxb4 Rxb4 41. Rd3 Rxb2 42. Ra3 g6 43. Ra7+ Kg8 44. g4 gxf5 45. gxf5 Rd2 46. Kc5 h5 47. h4 Rh2 48. Kd6 Rxh4 49. Ra8+ Kg7 50. Ra7+ Kh6 51. Ke7 Rxe4 52. Kxf6 Rf4 53. Kxe5 Rg4 54.
Ra6+ Kg7 55. Ra7+ Kf8 56. Ra8+ Ke7 57. Ra7+ Kd8 58. Ra8+ Kc7 59. f6 Nc6+ 60. Kf5 Nd4+ 61. Ke5 Nc6+ 62. Kf5 Rg1 63. f7 Rf1+ 64. Kg6 Ne5+ 65.
Kxh5 Rxf7 66. Kg5 Kd6 67. Rb8 Kc5 68. Rc8+ Nc6 0-1

[Event "Early-Titled-Tuesday-Blitz-June-18-2024"]
[Site "Chess.com"]
[Date "2024.06.18"]
[Round "9"]
[White "NovoselovRoman"]
[Black "GeorgiosSouleidis"]
[Result "0-1"]
[WhiteElo "2559"]
[BlackElo "2711"]
[TimeControl "180+1"]
[EndTime "9:48:09 PDT"]
[Termination "GeorgiosSouleidis won by checkmate"]

1. d4 Nf6 2. Nf3 g6 3. Bf4 Bg7 4. e3 O-O 5. h3 d6 6. Nbd2 Nfd7 7.
Bh2 e5 8. Be2 Nc6 9. c3 Kh8 10.
O-O f5 11. b4 e4 12. Ne1 Nf6 13. b5 Ne7 14. c4 g5 15. c5 d5 16. a4 Ng6 17. a5 f4 18. b6 c6 19. Qb3 a6 20. Nc2 Qe7 21. f3 exf3 22. Nxf3 Ne4 23. Rae1 Be6 24. Bd3 h5 25. exf4 g4 26. Ng5 Nxg5 27. Bxg6 Ne4 28. f5 Bg8 29. Bxh5 Qg5 30.
Bxg4 Nd2 31. Qd3 Nxf1 32. Rxf1 Rae8 33. Bf4 Qf6 34. Qg3 Bh7 35. Be5 Qg5 36. h4 Qh6 37. Ne3 Bf6 38. Bxf6+ Qxf6 39. Bh3 Qxd4 40. Rf3 Rg8 41. Qf2 Re4 42. f6 Rf8 43. f7 Qa1+ 44. Kh2 Qe5+ 45. Kh1 d4 46. Ng4 Re1+ 47. Qxe1 Qxe1+ 48. Kh2 Qxh4 49. g3 Qd8 50. Ne5 Qe7 51. Nd3 Rxf7 52. Rxf7 Qxf7 53. Nf4 Qa2+ 54. Kg1 d3 55. Bg4 d2 56. Be2 Qa1+ 57. Kg2 d1=Q 58. Bxd1 Qxd1 59.
Kh3 Qd4 60. Ne6 Bf5+ 61. g4 Bxe6 62. Kh2 Qxc5 63. g5 Qxa5 64. g6 Bg8 65. g7+ Kxg7 66. Kg3 Qxb6 67. Kh4 Qg1 68. Kh5 Qg6+ 69. Kh4 a5 70. Kh3 a4 71. Kh4 a3 72. Kh3 Qg5 73.
Kh2 Qg4 74. Kh1 Bd5+ 75. Kh2 Qg2# 0-1

[Event "Early-Titled-Tuesday-Blitz-June-18-2024"]
[Site "Chess.com"]
[Date "2024.06.18"]
[Round "9"]
[White "santosalberto1987"]
[Black "ThetNaung291"]
[Result "1-0"]
[WhiteElo "2593"]
[BlackElo "2444"]
[TimeControl "180+1"]
[EndTime "9:48:10 PDT"]
[Termination "santosalberto1987 won on time"]

1. e4 c5 2. Nf3 d6 3. Bb5+ Bd7 4. Bxd7+ Qxd7 5. c4 Nc6 6. Nc3 g6 7. d4 cxd4 8. Nxd4 Bg7 9. Be3 Nf6 10. f3 O-O 11. Rc1 Rfc8 12. b3 Qd8 13. O-O a6 14. Nd5 Nd7 15.
Qd2 Rab8 16. a4 Nc5 17. Rb1 b5 18. axb5 Nxd4 19. Bxd4 Bxd4+ 20. Qxd4 axb5 21. cxb5 Rxb5 22. b4 Ne6 23. Qd3 Rcb8 24. Rfc1 R5b7 25. Rc4 Nf8 26. Qc3 Nd7 27. Rc8 Rxc8 28. Qxc8 Qxc8 29. Nxe7+ Kf8 30.
Nxc8 d5 31. exd5 Nf6 32. d6 Ke8 33. b5 Kd7 34. Ne7 Kxd6 35. Nc6 Nd5 36. Na5 Ra7 37. b6 Nxb6 38. Rxb6+ Kc5 39. Rb7 Rxa5 40. Rxf7 Kd6 41. Rxh7 Ke6 42. h4 Kf6 43. Kh2 Ra4 44. Kg3 Rb4 45. Ra7 Rc4 46. Ra6+ Kg7 47. f4 Rc2 48. Ra5 Kf6 49. Rg5 Rb2 50. Kh3 Ra2 51. g3 Ra1 52.
Kg4 Ra4 53. Rb5 Ra3 54. Rg5 Kf7 55. h5 gxh5+ 56. Kxh5 Ra1 57. Kg4 Kf6 58. Rb5 Ra2 59.
Rb6+ Kf7 60. Kg5 Ra3 61. g4 Ra5+ 62. f5 Rc5 63. Rb7+ Ke8 64. Kg6 Rc4 65. g5 1-0

[Event "Early-Titled-Tuesday-Blitz-June-18-2024"]
[Site "Chess.com"]
[Date "2024.06.18"]
[Round "9"]
[White "superchess02"]
[Black "kleinebeer98"]
[Result "1-0"]
[WhiteElo "2922"]
[BlackElo "2967"]
[TimeControl "180+1"]
[EndTime "9:48:11 PDT"]
[Termination "superchess02 won on time"]

1. b3 e5 2. Bb2 Nc6 3. g3 h5 4. Bg2 h4 5. c4 d6 6. Nc3 h3 7. Bf1 Nf6 8. a3 d5 9. cxd5 Nxd5 10. e4 Nf6 11. Bb5 Bd7 12. d3 a6 13. Bxc6 Bxc6 14. Qc2 Bd6 15. Nge2 Qe7 16. b4 a5 17. b5 Bd7 18. a4 O-O 19. f3 c6 20. Qb3 Be6 21. Qc2 cxb5 22. Nxb5 Rac8 23. Qd2 Rfd8 24.
Nxd6 Qxd6 25. O-O Bc4 26. Nc1 Ba6 27. Qxa5 Rc2 28. Bxe5 Rg2+ 29. Kh1 Qe7 30. Ra2 Bxd3 31. Rd1 Rxa2 32. Nxa2 Nxe4 33. Kg1 Ng5 34. Kf2 f6 35.
Nc1 fxe5 36. Rxd3 Rc8 37. Ne2 e4 38. Re3 Nxf3 39. Qd5+ Qf7 40. Qxf7+ Kxf7 41. Rxe4 Nxh2 42. Rf4+ Kg8 43. Kg1 Rc2 44. Kxh2 Rxe2+ 45. Kxh3 Ra2 46. Rb4 Kh7 47. Kg4 Kh6 48. Kf5 Rf2+ 49. Ke6 b6 50.
Kd7 Rf3 51. Rxb6+ g6 52. g4 Rf4 53. a5 Rxg4 54. a6 Ra4 55. Kc7 Kh5 56. Kb7 g5 57. a7 g4 58. Ra6 Rb4+ 59. Kc6 Rc4+ 60. Kd5 Rc8 61. a8=Q Rxa8 62. Rxa8 g3 63. Ke4 Kg4 64.
Rg8+ Kh3 65. Kf3 g2 66. Rxg2 1-0

[Event "Early-Titled-Tuesday-Blitz-June-18-2024"]
[Site "Chess.com"]
[Date "2024.06.18"]
[Round "9"]
[White "jguerramzllo"]
[Black "yaguigor"]
[Result "1-0"]
[WhiteElo "2677"]
[BlackElo "2632"]
[TimeControl "180+1"]
[EndTime "9:48:11 PDT"]
[Termination "jguerramzllo won on time"]

1. e4 c5 2. Nf3 Nc6 3. Bb5 g6 4. O-O Bg7 5. Re1 Nf6 6. c3 O-O 7. h3 e5 8. d3 d6 9. Nbd2 Bd7 10.
a3 a6 11. Bc4 b5 12. Ba2 a5 13. Nf1 a4 14. Ne3 Be6 15. Bd2 Bxa2 16. Rxa2 d5 17. Qc2 Rc8 18. Raa1 Nd4 19. cxd4 cxd4 20. Qd1 dxe3 21. Rxe3 Bh6 22. Re2 Bxd2 23. Rxd2 Qd6 24.
Qe2 Rfe8 25. Rc2 Nd7 26. Rac1 Rc5 27. Rxc5 Nxc5 28. Rc2 Nb3 29. Rc3 d4 30. Rc2 f6 31.
Nd2 Nc5 32. Nf3 Nb3 33. g3 Qd7 34. Kg2 Rc8 35. Nh2 h5 36. Nf3 Kg7 37. Nh4 Na1 38.
Rxc8 Qxc8 39. Nf3 Qc1 40. Ne1 Kh7 41. Kf1 Nb3 42. Qc2 Qxc2 43. Nxc2 Kg7 44. Ke2 Kf7 45. Nb4 Ke6 46. f4 Kd6 47. f5 g5 48. Nd5 Nc1+ 49. Kd2 Nb3+ 50. Kc2 h4 51. gxh4 gxh4 52. Nxf6 Ke7 53.
Nh7 Na1+ 54. Kb1 Nb3 55. Kc2 Na1+ 56. Kd1 Nb3 57. Ng5 Nc5 58. Ke2 Kf6 59. Nf3 Na6 60. Nxh4 b4 61. axb4 Nxb4 62. Nf3 Nc2 63. Nh2 Na1 64.
Ng4+ Kg5 65. Nxe5 Nb3 66. Nc6 1-0

[Event "Early-Titled-Tuesday-Blitz-June-18-2024"]
[Site "Chess.com"]
[Date "2024.06.18"]
[Round "9"]
[White "Senn71"]
[Black "CrimeFightingSpider07"]
[Result "1/2-1/2"]
[WhiteElo "2363"]
[BlackElo "2535"]
[TimeControl "180+1"]
[EndTime "9:48:15 PDT"]
[Termination "Game drawn by agreement"]

1. e4 e5 2. Nf3 Nf6 3. Nc3 Nc6 4.
Bb5 Nd4 5. Nxd4 exd4 6. e5 dxc3 7. exf6 Qxf6 8. dxc3 c6 9. Bd3 d5 10. O-O Bd6 11. Qh5 h6 12. Re1+ Be6 13. Bg5 Qxg5 14. Rxe6+ Be7 15. Qxg5 hxg5 16. Re3 Kd7 17. Rae1 Bc5 18. R3e2 Rae8 19. Rxe8 Rxe8 20. Rxe8 Kxe8 21. Kf1 Ke7 22. Ke2 Kd6 23. g3 Ke5 24. f3 f6 25.
Bg6 Bg1 26. h3 b5 27. Be8 Kd6 28. a3 a6 29. h4 gxh4 30. gxh4 c5 31. h5 Ke5 32. Bd7 d4 33. cxd4+ Bxd4 34. c3 Bg1 35.
Bc8 a5 36. Bd7 b4 37. axb4 axb4 38. cxb4 cxb4 39. Be8 Kd4 40. Bf7 Be3 41. Bg8 Bh6 42. Bf7 Ke5 43. Bg8 Kf5 44. Bf7 Kg5 45. Kd3 Kh4 46.
Be8 Kg3 47. Bc6 Kf2 48. Bd5 Ke1 49. Kc4 Bd2 50. Kd3 Kd1 51. b3 Kc1 52. Ke4 Kc2 53. Kf5 Bh6 54. Ke4 Kc3 55. Be6 Kd2 56. Bd5 Ke2 57.
Be6 Kf2 58. Bd5 Kg3 59. Be6 Kh4 60. Bf7 Kg5 61. Be8 Kh4 62. Bf7 Bc1 63. Be8 Kg5 64. Bf7 f5+ 65. Kd3 Kf4 66. Ke2 Ke5 67. Bg6 Bh6 68. Bf7 Kf6 69. Be8 Ke7 70. Bg6 Ke6 71. Kd3 Ke5 72. Ke2 Kf4 73. Bf7 Kg5 74. Be8 Kf6 75.
Kd3 Bf4 76. Kc4 Bd2 77. Kd3 Bc3 78. Ke3 Ke5 79. f4+ Kf6 80. Bg6 Bb2 81. Kf3 Bc1 82. Be8 Ke6 83. Bg6 Bb2 84. Bh7 Bf6 85. Bg6 Be7 86. Bh7 Kf6 87. Bg6 Bd6 88. Bh7 g5 89. hxg6 Kg7 90. Ke3 Bc5+ 91. Kf3 Bd6 92. Ke3 Bc5+ 93.
Kf3 Kh6 94. Bg8 Kg7 95. Be6 Kxg6 96. Bd7 Kf6 97. Bc8 Bd6 98. Bd7 Bc7 1/2-1/2

[Event "Early-Titled-Tuesday-Blitz-June-18-2024"]
[Site "Chess.com"]
[Date "2024.06.18"]
[Round "9"]
[White "GothamChess"]
[Black "Chessbard1972"]
[Result "1-0"]
[WhiteElo "2766"]
[BlackElo "2274"]
[TimeControl "180+1"]
[EndTime "9:48:19 PDT"]
[Termination "GothamChess won by resignation"]

1. e4 e5 2. Nf3 Nc6 3. c3 d5 4. Qa4 Bd7 5. exd5 Nd4 6. Qd1 Nxf3+ 7. Qxf3 Nf6 8. Bc4 Bd6 9. d3 h6 10. O-O a5 11. a4 O-O 12. Nd2 Bg4 13. Qe3 Re8 14. Ne4 Bf8 15. Qg3 Bf5 16. Qf3 Nxe4 17. dxe4 Bg6 18. Be3 Bd6 19. Bd3 Rf8 20. c4 b6 21. Qg3 Qe7 22. Kh1 Bh7 23. b3 f5 24.
Bxh6 fxe4 25. Bc2 Qf6 26. Bg5 Qg6 27. Rae1 Qh5 28. Bxe4 Bf5 29. Bd2 Rf6 30. Qg5 Qh7 31. f3 Bxe4 32. fxe4 Rxf1+ 33. Rxf1 Qxe4 34. Qg3 Rf8 35. Re1 Qc2 36. Bh6 Qh7 37. Be3 e4 38. Qh3 Qg6 39. Bd4 Rf4 40. g3 Rf3 41. Qe6+ Qxe6 42.
dxe6 Rxb3 43. Rxe4 Kf8 44. Rg4 Ke7 45. Rg6 Rb4 46.
Bxg7 Rxc4 47. Bh6 Re4 48. Bg5+ Kf8 49. h4 Be7 50. Bh6+ Ke8 51. Rg8+ Bf8 52. Rxf8+ Ke7 53. Rf7+ Kxe6 54. Rxc7 Rxa4 55. Rc6+ Kf5 56. Rxb6 Kg4 57. Bf4 Kh3 58. Rb1 Ra2 59. Kg1 a4 60. Kf1 a3 61.
Be5 Rh2 62. Ra1 Rh1+ 63. Kf2 Rxa1 64. Bxa1 Kg4 65. Kg2 a2 66. Kf2 Kh3 67. h5 Kg4 68. h6 Kf5 69. h7 Ke4 70. h8=Q Kd5 71. Qc3 Ke6 72. Kg2 Kf5 73. Kh3 Kg6 74. Kh2 Kf7 75. Kh1 Ke6 76. Kg1 Kd7 77. Kf2 Ke6 78. Qb2 Kf7 79.
Kf1 Ke6 80. Ke2 Kf5 81. Ke1 Kg6 82. Kd1 Kg5 83. Kd2 Kg4 84. Kc1 Kxg3 85. Kc2 Kf3 86.
Kb3 Kg4 87. Kxa2 Kf5 88. Kb3 Ke6 89. Kc3 Kf5 90. Kd4 Kg4 91. Ke4 Kg5 92. Qc2 Kg6 93. Bf6 Kf7 94. Be7 Ke6 95. Bd6 Kxd6 96. Qc4 Kd7 97.
Qa6 Ke7 98. Ke5 Kf7 99. Qf6+ Kg8 100. Qe7 Kh8 101. Kd5 Kg8 102. Kc4 1-0

[Event "Early-Titled-Tuesday-Blitz-June-18-2024"]
[Site "Chess.com"]
[Date "2024.06.18"]
[Round "9"]
[White "SaraBlackPanther"]
[Black "savitha1030"]
[Result "1-0"]
[WhiteElo "2714"]
[BlackElo "2579"]
[TimeControl "180+1"]
[EndTime "9:48:19 PDT"]
[Termination "SaraBlackPanther won on time"]

1. d4 Nf6 2. c4 e6 3. Nf3 d5 4.
Nc3 Nbd7 5. cxd5 exd5 6. Bg5 c6 7. e3 h6 8. Bh4 Bd6 9. Bd3 O-O 10. Qc2 a5 11.
O-O Re8 12. Rfe1 Bb4 13. a3 Be7 14. h3 Ne4 15. Bxe7 Qxe7 16. Rab1 f5 17. b4 axb4 18.
axb4 Ra3 19. Ne2 Nxf2 20. Bxf5 Ne4 21. Nf4 Rc3 22. Qa2 Ng3 23. Bxd7 Bxd7 24. Ne5 Ne4 25. Nxd5 Qe6 26. Nxc3 Nxc3 27. Qxe6+ Bxe6 28. Ra1 Nd5 29. Ra7 Rb8 30. Rea1 Nxb4 31. Ra8 Rxa8 32. Rxa8+ Kh7 33. Rb8 b5 34. Kf2 Bd5 35. Rc8 Be6 36. Rc7 Bd5 37. g4 Na6 38. Rc8 b4 39. Nxc6 b3 40. Nb4 Nxb4 41.
Rb8 Nd3+ 42. Ke2 Be4 43. d5 b2 44. d6 Ne5 45. Rxb2 Nc4 46. Rb4 Nxd6 47. Rd4 Bg2 48. Rxd6 Bxh3 49. Kf3 Bf1 50. e4 Bc4 51. e5 Kg8 52.
Ke4 Kf7 53. Rd7+ Kg6 54. Kf4 Be6 55. Re7 Bc4 56. Rc7 Be6 57. Rc6 Kf7 58. g5 hxg5+ 59. Kxg5 Ba2 60. Ra6 Bb3 61. Kf5 Bc2+ 62. Kf4 Bb3 63.
Ke3 Bc4 64. Rb6 Be6 65. Kd4 g5 66. Kc5 g4 67. Kd6 Bf5 68. Rb7+ Kg6 69. e6 g3 70. e7 Kf7 71. Rb8 1-0

[Event "Early-Titled-Tuesday-Blitz-June-18-2024"]
[Site "Chess.com"]
[Date "2024.06.18"]
[Round "9"]
[White "Manukyan_Artak"]
[Black "GelmanAlexander"]
[Result "0-1"]
[WhiteElo "2505"]
[BlackElo "2664"]
[TimeControl "180+1"]
[EndTime "9:48:22 PDT"]
[Termination "GelmanAlexander won by resignation"]

1. e4 c5 2. Nf3 e6 3. c3 b6 4. d4 Bb7 5. d5 Nf6 6. dxe6 fxe6 7. e5 Nd5 8. Bd3 Nc6 9. O-O Be7 10.
Nbd2 Qc7 11. Re1 O-O-O 12. a4 g5 13. Nc4 g4 14. Nfd2 Kb8 15. Ne4 Nxe5 16. Nxe5 Qxe5 17.
Nxc5 Qxe1+ 18. Qxe1 bxc5 19. Be4 h5 20. Bxd5 Bxd5 21.
Bf4+ Ka8 22. b4 h4 23. bxc5 Bxc5 24. Be3 Bxe3 25. Qxe3 h3 26. g3 Rb8 27. Qd4 Rhg8 28. c4 Bc6 29. Qd3 Rgf8 30. Rb1 Rbe8 31. Kf1 e5 32. Qd6 e4 33. Rb3 e3 34. Rxe3 Rb8 35. Rb3 Bg2+ 36. Ke1 Rfe8+ 37. Re3 Rb1+ 38. Kd2 Reb8 39.
Qxd7 R8b2+ 40. Kc3 Rb3+ 41. Kd4 Rd1+ 42. Kc5 Rxd7 43.
Rxb3 Rc7+ 44. Kd4 Bf3 45. c5 a6 46. a5 Ka7 47. Rb6 Rd7+ 48. Rd6 Rxd6+ 49. cxd6 Kb7 50. Ke5 Kc8 51. Ke6 Kd8 52. Kf6 Kd7 53. Ke5 Bg2 54. Kf4 Bf3 55. Ke5 Bb7 56. Kf4 Kxd6 57. Kxg4 Kc5 58.
Kxh3 Kb5 59. g4 Kxa5 60. g5 Kb5 61. g6 Bd5 62. f4 a5 63. f5 Be4 64. Kg4 a4 65. Kg5 a3 66. f6 a2 67. f7 a1=Q 68. f8=Q Qg1+ 69. Kf4 Qf2+ 70. Kxe4 Qxf8 71. h4 Qh6 72.
Kf5 Qxh4 73. g7 Qh7+ 74. Kf6 Qg8 75. Kg6 Kc6 76. Kf6 Kd7 77. Kg6 Ke7 78. Kh6 Kf7 0-1

[Event "Early-Titled-Tuesday-Blitz-June-18-2024"]
[Site "Chess.com"]
[Date "2024.06.18"]
[Round "9"]
[White "AnishOnYoutube"]
[Black "Sargsyan_Shant"]
[Result "1-0"]
[WhiteElo "3083"]
[BlackElo "2991"]
[TimeControl "180+1"]
[EndTime "9:48:24 PDT"]
[Termination "AnishOnYoutube won on time"]

1. Nf3 d5 2. d4 Nf6 3. c4 e6 4. g3 Be7 5. Bg2 O-O 6. O-O dxc4 7. Qc2 a6 8. a4 Bd7 9. Qxc4 Bc6 10.
Bg5 Nbd7 11. Nbd2 a5 12. Rfd1 h6 13. Bxf6 Nxf6 14. Ne5 Bxg2 15. Kxg2 c6 16. e3 Qd5+ 17. Ndf3 Rfd8 18. Rac1 Ra6 19. Qc2 Rb6 20. Nc4 Rb4 21. Nd2 Qa2 22. b3 Qxc2 23. Rxc2 c5 24. dxc5 Ne4 25.
Rdc1 Nxd2 26. Rxd2 Rxb3 27. Rxd8+ Bxd8 28. c6 bxc6 29.
Rxc6 Bf6 30. Rc8+ Kh7 31. Rc7 Kg8 32. Rc8+ Kh7 33. Rc7 Kg6 34. g4 Rb4 35. Kg3 Rxa4 36. h4 h5 37. gxh5+ Kxh5 38. Rxf7 Rb4 39. Ra7 a4 40.
Ra5+ Kh6 41. h5 Bb2 42. Nh2 e5 43. Ng4+ Kxh5 44. Nxe5 Bxe5+ 45. Rxe5+ Kh6 46. Ra5 g5 47. f3 Kg6 48. e4 Kh5 49. Ra6 Rc4 50. Ra8 Rb4 51.
Rh8+ Kg6 52. Rg8+ Kf6 53. Ra8 Ke5 54. Kg4 Kd4 55. Kxg5 Ke3 56. Kg4 Kd3 57. Kf5 Ke3 58. Kg4 Kd3 59. Ra7 Rc4 60. Kf5 Ke3 61. e5 Kxf3 62. e6 Rf4+ 63. Ke5 Re4+ 64. Kf6 Ke3 65. e7 Rf4+ 66. Kg7 Rg4+ 67. Kf7 Rf4+ 68. Ke6 Re4+ 69. Kd7 Rd4+ 70. Kc8 Re4 71. Kd8 Rd4+ 72. Rd7 Re4 73. e8=Q Rxe8+ 74. Kxe8 1-0

[Event "Early-Titled-Tuesday-Blitz-June-18-2024"]
[Site "Chess.com"]
[Date "2024.06.18"]
[Round "9"]
[White "AmbartsumianTyhran2012"]
[Black "elis06"]
[Result "1/2-1/2"]
[WhiteElo "2489"]
[BlackElo "2351"]
[TimeControl "180+1"]
[EndTime "9:48:24 PDT"]
[Termination "Game drawn by stalemate"]

1. e4 c6 2. d4 d5 3. Nc3 dxe4 4.
Nxe4 Nd7 5. Nf3 Ngf6 6. Neg5 e6 7. Bd3 Be7 8. O-O h6 9. Nxf7 Kxf7 10. Re1 Rf8 11.
Ne5+ Kg8 12. Qf3 Nd5 13. Qg4 N7f6 14. Qg6 Qe8 15. Qg3 Nh5 16. Qg4 Nhf4 17. Ng6 Nxg6 18. Bxg6 Qd8 19. Bd3 Nf6 20. Qg6 Qe8 21. Qg3 Qh5 22. Bg6 Qg4 23. c3 Qxg3 24. hxg3 Bd7 25. Bf4 Nd5 26. Bd2 b5 27. b3 Bf6 28. c4 Nb6 29. c5 Nd5 30. Be3 Be8 31. Be4 Bf7 32. Rad1 Rad8 33. Bd2 Bxd4 34. Ba5 Bxc5 35. Bxd8 Rxd8 36.
Rc1 Bb4 37. Red1 c5 38. f4 Kf8 39. Rd3 Ke7 40. Kh2 a5 41. Rcd1 Rc8 42. f5 Nc3 43.
Rd7+ Kf6 44. Re1 Nxe4 45. Rxe4 exf5 46. Ree7 Bg6 47. Rb7 c4 48. bxc4 Bxe7 49. cxb5 f4 50. gxf4 Be4 51. Ra7 Bb4 52. b6 Rb8 53. Ra6 Bd3 54.
Ra7 Rxb6 55. g4 Ra6 56. Rc7 Bd6 57. Rc3 Bxf4+ 58. Kh3 Bf1+ 59. Kh4 g5+ 60. Kh5 Ke5 61.
a4 Be2 62. Rc5+ Kd4 63. Rd5+ Kc4 64. Rc5+ Kd3 65. Rc3+ Kd2 66. Rc2+ Ke3 67. Rxe2+ Kd3 68.
Rd2+ Kc4 69. Rc2+ Kb4 70. Rc4+ Ka3 71. Rc3+ Kxa4 72. Rc4+ Kb3 73. Rc3+ Kb4 74. Rc4+ Kb5 75. Rb4+ Kc6 76. Rc4+ Kb6 77. Rc8 a4 78. Rd8 a3 79.
Rd7 a2 80. Rb7+ Ka5 81. Rb5+ Ka4 82. Rb4+ Ka5 83. Rb5+ Kxb5 1/2-1/2

[Event "Early-Titled-Tuesday-Blitz-June-18-2024"]
[Site "Chess.com"]
[Date "2024.06.18"]
[Round "9"]
[White "maximnovik"]
[Black "Mysterio47"]
[Result "0-1"]
[WhiteElo "2567"]
[BlackElo "2840"]
[TimeControl "180+1"]
[EndTime "9:48:32 PDT"]
[Termination "Mysterio47 won on time"]

1. e4 d6 2. d4 Nf6 3. Bd3 e6 4.
Nf3 Be7 5. O-O O-O 6. e5 Nfd7 7. Re1 Nc6 8. c3 dxe5 9. dxe5 Nc5 10. Bc2 Qxd1 11.
Rxd1 Rd8 12. Rxd8+ Nxd8 13. Bf4 Bd7 14. Nbd2 Bc6 15.
Nd4 Bd5 16. c4 Nc6 17. Nxc6 Bxc6 18. b4 Na6 19. b5 Nb4 20. Bb1 Bc5 21. bxc6 Bd4 22.
cxb7 Rb8 23. Nb3 Bxa1 24. Nxa1 Rxb7 25. Nb3 Rb8 26. Kf1 Nc6 27. Ke2 Na5 28. Bd3 Nxb3 29. axb3 Rxb3 30. Kd2 a5 31. Be3 a4 32. Bc2 Rb2 33. Kc3 a3 34. Bc1 Ra2 35. Kb3 Ra1 36. Bxa3 Rg1 37. Be4 Re1 38. f3 Re2 39. g4 Rxh2 40. Bb4 g6 41. Ba5 c5 42. Bb6 h5 43.
gxh5 Rxh5 44. Bxc5 Rxe5 45. Bd6 Ra5 46. c5 f5 47. Bb7 Rb5+ 48. Kc4 Rxb7 49. c6 Ra7 50.
Kc5 Kf7 51. Kb6 Ra8 52. Kb7 Re8 53. f4 g5 54. fxg5 e5 55. c7 Kg6 56. Bxe5 Kxg5 57. Kc6 f4 58. Kd7 Rf8 59. Bd6 Rf7+ 60. Be7+ Kg4 61.
c8=Q Rf5 62. Kd6 f3 63. Qe6 f2 64. Qg6+ Kf4 65. Qh6+ Kg4 66. Qh4+ Kf3 67. Qh3+ Ke4 68. Qg4+ Rf4 69. Qe2+ Kf5 70. Qf1 Kg4 71. Bf6 Rxf6+ 72. Ke5 Rf8 73. Qg2+ Kh4 74. Qf1 Kg3 75. Ke4 Re8+ 76.
Kd3 Re1 0-1

[Event "Early-Titled-Tuesday-Blitz-June-18-2024"]
[Site "Chess.com"]
[Date "2024.06.18"]
[Round "9"]
[White "aeiiuu"]
[Black "artooon"]
[Result "1/2-1/2"]
[WhiteElo "2645"]
[BlackElo "3088"]
[TimeControl "180+1"]
[EndTime "9:48:33 PDT"]
[Termination "Game drawn - insufficient material"]

1. e4 e5 2. Nf3 Nc6 3. Bb5 a6 4. Ba4 Nf6 5. O-O d6 6. Re1 Bd7 7. c3 g6 8. d4 Bg7 9. d5 Ne7 10. c4 O-O 11. Bxd7 Nxd7 12. Nc3 h6 13. b4 f5 14. a3 b6 15. Nd2 Nf6 16. f3 g5 17.
exf5 Nxf5 18. Nde4 Nd4 19. Be3 Nh5 20. Ne2 Nf5 21.
N2g3 Nxe3 22. Rxe3 Nf4 23. Qd2 h5 24. Ne2 Kh8 25. Rd1 Bh6 26. Nxf4 Rxf4 27. c5 bxc5 28. bxc5 g4 29. cxd6 cxd6 30. Rb3 gxf3 31. Rxf3 Qb6+ 32. Kh1 Raf8 33. Rxf4 Rxf4 34. Qe2 h4 35. g3 Rf8 36. gxh4 Qb3 37. Rf1 Qxd5 38. Rxf8+ Bxf8 39. Qh5+ Kg7 40. Qf3 Qf7 41. Qg4+ Qg6 42. Qd7+ Qf7 43. Qg4+ Qg6 44. Qd7+ Kh6 45. Ng5 Bg7 46. Qxd6 Qxd6 47. Nf7+ Kh5 48. Nxd6 Bf8 49. Nc4 e4 50. Kg2 Kxh4 51. Kf2 Bc5+ 52. Ke2 Kg4 53. a4 Kf4 54. Nd2 Be7 55. Nb3 Ke5 56.
Ke3 Kd5 57. h3 Bg5+ 58. Ke2 Kc4 59. Nd2+ Kd5 60. Nb3 Kc4 61. Nd2+ Kd4 62. Nb3+ Ke5 63. Nc5 a5 64. Nb3 Bd8 65. Ke3 Kd5 66. h4 Bb6+ 67.
Ke2 Kc4 68. Nd2+ Kb4 69. Nxe4 Kxa4 70. h5 Kb3 71. Kd3 Bc7 72. Nd2+ Kb4 73. Nc4 Bd8 74. Ne3 Bg5 75. Nd5+ Kb3 76. Nc3 Bh6 77. Nb5 a4 78.
Nd4+ Kb2 79. Nb5 Bg5 80. Kc4 Bd2 81. h6 Bxh6 82. Kb4 a3 83. Nxa3 1/2-1/2

[Event "Early-Titled-Tuesday-Blitz-June-18-2024"]
[Site "Chess.com"]
[Date "2024.06.18"]
[Round "9"]
[White "XDPS"]
[Black "arctic_t00"]
[Result "1-0"]
[WhiteElo "2873"]
[BlackElo "2731"]
[TimeControl "180+1"]
[EndTime "9:48:43 PDT"]
[Termination "XDPS won by resignation"]

1. d4 Nf6 2. Nf3 d5 3. Bf4 Bf5 4. e3 e6 5. Ne5 h6 6. Bd3 Bxd3 7.
cxd3 Nbd7 8. Qb3 Nxe5 9. Bxe5 Rb8 10. Nd2 Bd6 11. Rc1 O-O 12. O-O Bxe5 13. dxe5 Nd7 14.
d4 c5 15. Qa3 a6 16. Nf3 c4 17. b3 b5 18. Qxa6 Qc7 19. bxc4 bxc4 20. Rb1 Ra8 21. Qb7 Rfc8 22. Qb2 Qa5 23. Ra1 c3 24.
Qc2 Nb6 25. Rfc1 Na4 26. Ne1 Nb2 27. Nd3 Nxd3 28. Qxd3 Rab8 29. a4 Rb4 30. Qd1 Rcc4 31. h4 Rb2 32. Qd3 Rbb4 33. Ra3 c2 34. Rxc2 Rxa4 35.
Rxa4 Qxa4 36. Rb2 Rc1+ 37. Kh2 g6 38. h5 g5 39. Rb8+ Kg7 40. Rb7 Qc2 41. Qxc2 Rxc2 42. Kg3 Rd2 43. Kf3 Rc2 44. Rb5 Ra2 45. g3 Rc2 46. g4 Ra2 47. Rb1 Rc2 48. Rd1 Ra2 49. Rd3 Rb2 50. Kg3 Ra2 51. Rd1 Rb2 52. Rc1 Ra2 53.
Kf3 Rb2 54. Re1 Ra2 55. e4 dxe4+ 56. Rxe4 Ra3+ 57. Re3 Ra1 58. Ke4 Rf1 59. f3 Ra1 60. Re2 Ra3 61. Rd2 Rb3 62. d5 Rb4+ 63. Rd4 exd5+ 64. Kxd5 Rb3 65. Ke4 Rb7 66. Kf5 Ra7 67. Rd6 Rb7 68. Rd4 Ra7 69. f4 gxf4 70. Rxf4 Rb7 71.
Rd4 Ra7 72. Rd6 Rb7 73. Rc6 Ra7 74. g5 hxg5 75. h6+ Kh7 76. Kxg5 Rb7 77. Kf5 Ra7 78.
Rd6 Rb7 79. Kf6 Kxh6 80. Rd1 Kh7 81. Rg1 Rc7 82. Rg7+ Kh6 83. Rxf7 Rc1 84. e6 Rf1+ 85. Ke7 Rd1 86. Rf2 Kg6 87. Rg2+ Kh7 88. Kf7 Rf1+ 89.
Ke8 Re1 90. e7 Rd1 91. Rg5 Kh6 92. Rg4 Re1 93. Rd4 Kg7 94. Kd8 Kf7 95. Rf4+ 1-0